[Event "RUS-ch Men Blitz 2019"]
[Site "Sochi"]
[Date "2019.10.17"]
[Round "11.10"]
[White "Sysolyatin, Evgeny"]
[Black "Lysyj, Igor"]
[Result "0-1"]
[ECO "C44"]
[WhiteElo "2271"]
[BlackElo "2596"]
[Annotator "ChessBase"]
[PlyCount "96"]
[EventDate "2019.10.17"]
[EventType "swiss"]
[EventCountry "RUS"]
[SourceTitle "playchess.com"]
[Source "ChessBase"]
[SourceQuality "1"]
[TimeControl "180+2"]

1. e4 e5 2. Nf3 Nc6 3. d4 exd4 4. Nxd4 Nf6 5. Nxc6 bxc6 6. Bd3 d5 7. exd5 cxd5 8. O-O Be7 9. Nc3 O-O 10. Bg5 c6 11. h3 Rb8 12. Rb1 h6 13. Bh4 Rb4 14. Bg3 Bd6 15. Qf3 Re8 16. a3 Rb7 17. b4 Rbe7 18. Na4 Bxg3 19. Qxg3 Re5 20. f4 Re3 21. Rf3 R3e7 22. Nc5 Qd6 23. f5 Qxg3 24. Rxg3 Re1+ 25. Rxe1 Rxe1+ 26. Kf2 Ra1 27. a4 Kf8 28. Re3 Nd7 29. Nxd7+ Bxd7 30. a5 c5 31. Re5 cxb4 32. Rxd5 Ke7 33. Rd4 Rxa5 34. Rxb4 Bxf5 35. Rb7+ Kf6 36. Ke3 Be6 37. c4 Ke5 38. h4 g5 39. hxg5 hxg5 40. g3 f5 41. Rg7 f4+ 42. gxf4+ gxf4+ 43. Kd2 Ra2+ 44. Kc3 Ra3+ 45. Kd2 Kd4 46. Be2 f3 47. Bf1 Ra2+ 48. Ke1 Ke5 0-1

[Event "RUS-ch Men Blitz 2019"]
[Site "Sochi"]
[Date "2019.10.17"]
[Round "11.12"]
[White "Triapishko, Alexandr"]
[Black "Savitskiy, Sergey"]
[Result "1/2-1/2"]
[ECO "A05"]
[WhiteElo "2514"]
[BlackElo "2407"]
[Annotator "ChessBase"]
[PlyCount "166"]
[EventDate "2019.10.17"]
[EventType "swiss"]
[EventCountry "RUS"]
[SourceTitle "playchess.com"]
[Source "ChessBase"]
[SourceQuality "1"]
[TimeControl "180+2"]

1. Nf3 Nf6 2. g3 g6 3. b3 Bg7 4. Bb2 O-O 5. Bg2 c5 6. c4 Nc6 7. O-O d6 8. d4 cxd4 9. Nxd4 Bd7 10. Nc3 Qa5 11. e3 Rfc8 12. Nd5 Nxd5 13. Bxd5 Rab8 14. Qe2 Nxd4 15. Bxd4 Bxd4 16. exd4 e6 17. Bg2 b5 18. Rfc1 bxc4 19. Rxc4 Bb5 20. Rxc8+ Rxc8 21. Qb2 Bd3 22. b4 Qa6 23. a4 Rc2 24. Qb3 Qc4 25. Qxc4 Rxc4 26. b5 Rxd4 27. Rd1 e5 28. Bf1 e4 29. Bxd3 exd3 30. a5 Rb4 31. Rxd3 Rxb5 32. Rxd6 Rxa5 33. Kg2 g5 34. Rd7 Kg7 35. Kf3 Ra4 36. h3 h5 37. g4 h4 38. Rd5 Kg6 39. Rd6+ f6 40. Rd7 Ra3+ 41. Kg2 a5 42. Ra7 a4 43. Kh2 Rf3 44. Rxa4 Rxf2+ 45. Kg1 Rb2 46. Ra7 Re2 47. Kh1 Re8 48. Kg2 Rf8 49. Kf3 Rf7 50. Ra8 Re7 51. Rg8+ Kf7 52. Ra8 Rb7 53. Kg2 Rd7 54. Ra6 Ke7 55. Rb6 Rd6 56. Rb5 Ke6 57. Rf5 Rd2+ 58. Kg1 Rd5 59. Rf2 Rd4 60. Kg2 Rf4 61. Ra2 Rd4 62. Rf2 Rd6 63. Re2+ Kd5 64. Rf2 Ke4 65. Rf5 Rc6 66. Kh2 Ke3 67. Kg2 Re6 68. Rf3+ Ke4 69. Rf5 Ra6 70. Kh2 Ra2+ 71. Kg1 Ra3 72. Kg2 Rg3+ 73. Kh2 Rf3 74. Ra5 Rf2+ 75. Kg1 Rf4 76. Kg2 f5 77. gxf5 Rxf5 78. Ra4+ Ke5 79. Ra5+ Kf6 80. Ra6+ Kg7 81. Ra7+ Kg6 82. Ra6+ Rf6 83. Ra5 Re6 1/2-1/2

[Event "RUS-ch Men Blitz 2019"]
[Site "Sochi"]
[Date "2019.10.17"]
[Round "11.14"]
[White "Vastrukhin, Oleg"]
[Black "Kokarev, Dmitry"]
[Result "1/2-1/2"]
[ECO "A36"]
[WhiteElo "2428"]
[BlackElo "2593"]
[Annotator "ChessBase"]
[PlyCount "146"]
[EventDate "2019.10.17"]
[EventType "swiss"]
[EventCountry "RUS"]
[SourceTitle "playchess.com"]
[Source "ChessBase"]
[SourceQuality "1"]
[TimeControl "180+2"]

1. g3 g6 2. Bg2 Bg7 3. c4 c5 4. Nc3 Nc6 5. e3 d6 6. Nge2 e5 7. O-O Nge7 8. a3 O-O 9. d3 Rb8 10. Rb1 a5 11. Bd2 Be6 12. Nd5 b5 13. Nec3 bxc4 14. dxc4 f5 15. Nxe7+ Nxe7 16. Nd5 Nxd5 17. cxd5 Bd7 18. Bc3 a4 19. Qd2 Rb3 20. Rfe1 Bb5 21. Rbc1 Qd7 22. Bf1 Bxf1 23. Kxf1 e4 24. Bxg7 Kxg7 25. Rc3 Rfb8 26. Rxb3 Rxb3 27. Kg2 Rd3 28. Qc2 Rxd5 29. b3 axb3 30. Qxb3 Rd3 31. Qb2+ Kh6 32. Ra1 d5 33. Qf6 d4 34. Qf8+ Qg7 35. Qxg7+ Kxg7 36. a4 dxe3 37. fxe3 Rd2+ 38. Kg1 Rd6 39. a5 Ra6 40. Kf1 Kf6 41. Ke2 Ke5 42. Kd2 Kd5 43. Kc3 g5 44. Rf1 f4 45. gxf4 Rxa5 46. Rd1+ Kc6 47. fxg5 Ra3+ 48. Kd2 Ra2+ 49. Kc3 Rxh2 50. Rf1 Re2 51. Rh1 Kd5 52. Rxh7 Rxe3+ 53. Kd2 Rg3 54. Rg7 Kd4 55. Rd7+ Ke5 56. Rc7 Kd4 57. Rd7+ Kc4 58. Rg7 e3+ 59. Ke2 Kc3 60. g6 c4 61. Rg8 Kc2 62. g7 c3 63. Ke1 Rg2 64. Kf1 e2+ 65. Ke1 Rg6 66. Kxe2 Re6+ 67. Kf3 Re7 68. Kf4 Kc1 69. Kf5 c2 70. Kf6 Rxg7 71. Rxg7 Kb2 72. Rg2 Kb1 73. Rxc2 Kxc2 1/2-1/2

[Event "RUS-ch Men Blitz 2019"]
[Site "Sochi"]
[Date "2019.10.17"]
[Round "11.15"]
[White "Rozum, Ivan"]
[Black "Oganian, Miran"]
[Result "1/2-1/2"]
[ECO "A06"]
[WhiteElo "2599"]
[BlackElo "2436"]
[Annotator "ChessBase"]
[PlyCount "169"]
[EventDate "2019.10.17"]
[EventType "swiss"]
[EventCountry "RUS"]
[SourceTitle "playchess.com"]
[Source "ChessBase"]
[SourceQuality "1"]
[TimeControl "180+2"]

1. Nf3 d5 2. b3 Bg4 3. e3 Nd7 4. Bb2 Ngf6 5. h3 Bh5 6. d3 c6 7. g4 Bg6 8. Nh4 e5 9. Bg2 Bd6 10. Nd2 Qe7 11. Qe2 a5 12. a3 Ng8 13. Nxg6 hxg6 14. O-O g5 15. c4 Ngf6 16. cxd5 cxd5 17. Rfc1 O-O 18. Nf3 Nh7 19. Nd2 Nhf6 20. d4 exd4 21. Bxd4 Rfc8 22. Qb5 Ne5 23. Bxd5 Rxc1+ 24. Rxc1 Bxa3 25. Ra1 Nxd5 26. Qxd5 Nc6 27. Bc3 Rd8 28. Qb5 Bb2 29. Bxb2 Rxd2 30. Bc3 Rd8 31. Bxa5 Nxa5 32. Qxa5 Rd7 33. Qb5 g6 34. Qc4 Kg7 35. Qc3+ Qf6 36. Qxf6+ Kxf6 37. Ra5 Rd6 38. Rb5 b6 39. Kg2 Rc6 40. Kf3 Re6 41. Kg3 Rc6 42. h4 gxh4+ 43. Kxh4 Rd6 44. g5+ Ke6 45. Kg4 Rc6 46. Kf4 Kd6 47. Ke4 Kc7 48. f4 Rc3 49. Kd4 Rc1 50. Ke5 Rc6 51. e4 Re6+ 52. Kd4 Kc6 53. Rd5 Re8 54. b4 b5 55. Rc5+ Kb6 56. Rc1 Ra8 57. Ke5 Re8+ 58. Kd4 Rd8+ 59. Ke3 Ra8 60. f5 Ra3+ 61. Kf4 Rb3 62. f6 Rxb4 63. Rh1 Rc4 64. Rh7 Rc7 65. e5 b4 66. e6 Rc4+ 67. Ke3 fxe6 68. Kd3 Rg4 69. f7 Rf4 70. Rg7 Kc5 71. Ke3 e5 72. Kd3 b3 73. Kc3 Rf3+ 74. Kb2 Kd5 75. Rxg6 Rxf7 76. Kxb3 Kd4 77. Rg8 e4 78. g6 Rf3+ 79. Kc2 Ke3 80. g7 Rg3 81. Kc3 Ke2+ 82. Kd4 e3 83. Re8 Rg4+ 84. Re4 Rxg7 85. Rxe3+ 1/2-1/2

[Event "RUS-ch Men Blitz 2019"]
[Site "Sochi"]
[Date "2019.10.17"]
[Round "11.16"]
[White "Belyakov, Bogdan"]
[Black "Popov, Valerij"]
[Result "1-0"]
[ECO "C15"]
[WhiteElo "2495"]
[BlackElo "2535"]
[Annotator "ChessBase"]
[PlyCount "64"]
[EventDate "2019.10.17"]
[EventType "swiss"]
[EventCountry "RUS"]
[SourceTitle "playchess.com"]
[Source "ChessBase"]
[SourceQuality "1"]
[TimeControl "180+2"]

1. e4 e6 2. d4 d5 3. Nc3 Bb4 4. Nge2 Nf6 5. Bg5 dxe4 6. a3 Be7 7. Bxf6 gxf6 8. Nxe4 b6 9. Qd3 f5 10. N4c3 Bb7 11. O-O-O c6 12. h3 h5 13. Rg1 h4 14. g4 hxg3 15. fxg3 Nd7 16. g4 fxg4 17. hxg4 Qc7 18. g5 O-O-O 19. g6 Ne5 20. Qe3 Nxg6 21. Kb1 c5 22. Nb5 Qd7 23. Nf4 cxd4 24. Rxd4 Bc5 25. Qc3 Qe7 26. Nxg6 fxg6 27. Qg3 Bc6 28. c3 e5 29. Rc4 Bxb5 30. Rxc5+ Qxc5 31. Qg4+ Kb8 32. Bxb5 Qxb5 1-0

[Event "RUS-ch Men Blitz 2019"]
[Site "Sochi"]
[Date "2019.10.17"]
[Round "11.17"]
[White "Khegay, Dmitriy"]
[Black "Derjabin, Ilja"]
[Result "1-0"]
[ECO "C00"]
[WhiteElo "2509"]
[BlackElo "2333"]
[Annotator "ChessBase"]
[PlyCount "70"]
[EventDate "2019.10.17"]
[EventType "swiss"]
[EventCountry "RUS"]
[SourceTitle "playchess.com"]
[Source "ChessBase"]
[SourceQuality "1"]
[TimeControl "180+2"]

1. e4 e6 2. d4 d5 3. Bd3 c5 4. exd5 exd5 5. Nf3 c4 6. Be2 Bd6 7. O-O Ne7 8. b3 cxb3 9. axb3 Nbc6 10. h3 O-O 11. c4 Bf5 12. Nc3 Re8 13. Be3 Bb4 14. Nxd5 Nxd5 15. cxd5 Qxd5 16. Bc4 Qd7 17. d5 Na5 18. Nd4 Nxc4 19. bxc4 Bg6 20. Nb3 b6 21. Nd4 Bc5 22. Nc6 Bxe3 23. fxe3 Rxe3 24. Qd4 Re4 25. Qc3 Qd6 26. Kh1 Qc5 27. Nxa7 Rxc4 28. Qe5 h6 29. Nc6 Rxa1 30. Rxa1 Kh7 31. Ra8 Rc1+ 32. Kh2 Qg1+ 33. Kg3 Rc2 34. Qb8 Qxg2+ 35. Kf4 Qe4+ 1-0

[Event "RUS-ch Men Blitz 2019"]
[Site "Sochi"]
[Date "2019.10.17"]
[Round "11.18"]
[White "Zakhartsov, Vladimir"]
[Black "Shubin, Kirill"]
[Result "0-1"]
[ECO "C03"]
[WhiteElo "2514"]
[BlackElo "2416"]
[Annotator "ChessBase"]
[PlyCount "96"]
[EventDate "2019.10.17"]
[EventType "swiss"]
[EventCountry "RUS"]
[SourceTitle "playchess.com"]
[Source "ChessBase"]
[SourceQuality "1"]
[TimeControl "180+2"]

1. e4 e6 2. d4 d5 3. Nd2 Be7 4. Bd3 c5 5. dxc5 Nf6 6. Qe2 O-O 7. Ngf3 a5 8. O-O Na6 9. e5 Nd7 10. c3 Naxc5 11. Bc2 b5 12. Nd4 Ba6 13. b4 axb4 14. cxb4 Na4 15. a3 Nab6 16. f4 Nc4 17. Nxc4 bxc4 18. Rf3 g6 19. Be3 Bb7 20. Qe1 Re8 21. h3 Bf8 22. Kh2 Bg7 23. Nb5 Bf8 24. Bd4 Qb8 25. Qh4 Bc6 26. Nc3 Be7 27. Qh6 Bf8 28. Qh4 Be7 29. Qe1 Qd8 30. Qb1 Bf8 31. Qb2 Bg7 32. b5 Bb7 33. a4 f6 34. exf6 Bxf6 35. Ne2 Bxd4 36. Qxd4 e5 37. fxe5 Nxe5 38. Rg3 Qf6 39. a5 Rab8 40. a6 Ba8 41. a7 Rxb5 42. Ba4 Rb2 43. Qxb2 Nf3+ 44. Rxf3 Qxb2 45. Raf1 Rxe2 46. Rf8+ Kg7 47. R8f7+ Kh6 48. Rg1 d4 0-1

[Event "RUS-ch Men Blitz 2019"]
[Site "Sochi"]
[Date "2019.10.17"]
[Round "11.19"]
[White "Papin, Vasily"]
[Black "Pogromsky, Mikhail"]
[Result "1-0"]
[ECO "A13"]
[WhiteElo "2481"]
[BlackElo "2411"]
[Annotator "ChessBase"]
[PlyCount "97"]
[EventDate "2019.10.17"]
[EventType "swiss"]
[EventCountry "RUS"]
[SourceTitle "playchess.com"]
[Source "ChessBase"]
[SourceQuality "1"]
[TimeControl "180+2"]

1. c4 e6 2. g3 d5 3. Bg2 Nf6 4. Nf3 g6 5. b3 Bg7 6. Bb2 O-O 7. O-O b6 8. cxd5 exd5 9. d4 Bb7 10. Nc3 Re8 11. Rc1 c6 12. Ne5 Nfd7 13. Nf3 Na6 14. Re1 f5 15. Ba3 Qf6 16. e3 Nc7 17. Qd2 a5 18. Na4 Nb5 19. Bb2 Qd8 20. Red1 Nd6 21. Ne5 Nxe5 22. dxe5 Ne4 23. Qd3 b5 24. Nc5 Nxc5 25. Rxc5 Bxe5 26. Bxe5 Rxe5 27. a4 Qd6 28. Qd4 b4 29. Rdc1 Ree8 30. Rxc6 Bxc6 31. Rxc6 Qe5 32. Qc5 Red8 33. Rc7 Kh8 34. h4 Qa1+ 35. Kh2 Qe5 36. Bf1 Kg8 37. Bg2 Kh8 38. Qc6 Qd6 39. Qb7 Qf6 40. Rxh7+ Kg8 41. Bxd5+ Rxd5 42. Qxd5+ Kxh7 43. Qxa8 Qc3 44. Qd5 Qc2 45. Kg2 Qc3 46. h5 gxh5 47. Qxf5+ Kh6 48. Qe6+ Kg7 49. e4 1-0

[Event "RUS-ch Men Blitz 2019"]
[Site "Sochi"]
[Date "2019.10.17"]
[Round "11.20"]
[White "Gurvich, Vitaly"]
[Black "Potapov, Pavel"]
[Result "0-1"]
[ECO "A88"]
[WhiteElo "2278"]
[BlackElo "2489"]
[Annotator "ChessBase"]
[PlyCount "94"]
[EventDate "2019.10.17"]
[EventType "swiss"]
[EventCountry "RUS"]
[SourceTitle "playchess.com"]
[Source "ChessBase"]
[SourceQuality "1"]
[TimeControl "180+2"]

1. c4 f5 2. g3 Nf6 3. Bg2 g6 4. Nc3 Bg7 5. d4 O-O 6. Nf3 d6 7. O-O c6 8. Qb3 Kh8 9. Rd1 Na6 10. Qa3 Nc7 11. b4 Qe8 12. Bf4 Nh5 13. c5 Nxf4 14. gxf4 Be6 15. e3 Bg8 16. cxd6 exd6 17. b5 Nxb5 18. Nxb5 cxb5 19. Qxd6 Rf6 20. Qb4 a5 21. Qd2 b4 22. Ne5 Rb6 23. Rab1 Rd8 24. a3 Qa4 25. axb4 axb4 26. Nd3 b3 27. Nc5 Qb5 28. Rb2 h6 29. Bf1 Qb4 30. Qxb4 Rxb4 31. Rdb1 g5 32. fxg5 hxg5 33. Nxb3 f4 34. Nc5 Rxb2 35. Rxb2 fxe3 36. fxe3 Rxd4 37. Rxb7 Rd1 38. Kf2 Rd2+ 39. Kf3 Bd5+ 40. e4 Bxb7 41. Kg4 Bc8+ 42. Kxg5 Rxh2 43. Bb5 Bh6+ 44. Kf6 Rh5 45. e5 Bg7+ 46. Kf7 Rxe5 47. Bd7 Rxc5 0-1

[Event "RUS-ch Men Blitz 2019"]
[Site "Sochi"]
[Date "2019.10.17"]
[Round "11.21"]
[White "Gutenev, Alexander"]
[Black "Remizov, Yaroslav"]
[Result "1/2-1/2"]
[ECO "B07"]
[WhiteElo "2469"]
[BlackElo "2394"]
[Annotator "ChessBase"]
[PlyCount "102"]
[EventDate "2019.10.17"]
[EventType "swiss"]
[EventCountry "RUS"]
[SourceTitle "playchess.com"]
[Source "ChessBase"]
[SourceQuality "1"]
[TimeControl "180+2"]

1. e4 d6 2. d4 Nf6 3. Nc3 Nbd7 4. Nf3 e5 5. Bc4 Be7 6. O-O O-O 7. h3 c6 8. a4 h6 9. Re1 Re8 10. Ba2 Bf8 11. dxe5 Nxe5 12. Nd4 g6 13. Be3 Bg7 14. f4 Ned7 15. Bf2 Nc5 16. Qf3 Ne6 17. Rad1 Qc7 18. Nde2 g5 19. f5 g4 20. Qd3 Ng5 21. Ng3 gxh3 22. Qxd6 Qxd6 23. Rxd6 hxg2 24. Kxg2 Ng4 25. Bd4 Bf8 26. Bc5 Bxd6 27. Bxd6 Bd7 28. e5 Rad8 29. Bc7 Rc8 30. Bd6 Rcd8 31. Nce4 Kg7 32. Nh5+ Kh8 33. Nef6 Bxf5 34. Nxe8 Rxe8 35. Ng3 Bxc2 36. e6 Nxe6 37. Nh5 Bg6 38. Rh1 Bxh5 39. Rxh5 Kg7 40. Ra5 a6 41. Rf5 Ng5 42. Rf4 Nf6 43. Bb4 Re2+ 44. Kf1 Rxb2 45. Bc3 Rxa2 46. Bxf6+ Kg6 47. Bc3 f5 48. Rd4 Ne4 49. Bb4 Rxa4 50. Ke2 c5 51. Bxc5 Ra2+ 1/2-1/2

[Event "RUS-ch Men Blitz 2019"]
[Site "Sochi"]
[Date "2019.10.17"]
[Round "11.22"]
[White "Goltsev, Dmitry"]
[Black "Sadovsky, Artem"]
[Result "1-0"]
[ECO "B06"]
[WhiteElo "2309"]
[BlackElo "2411"]
[Annotator "NA"]
[PlyCount "147"]
[EventDate "2019.10.17"]
[EventType "swiss"]
[EventCountry "RUS"]
[SourceTitle "playchess.com"]
[Source "ChessBase"]
[SourceQuality "1"]
[TimeControl "180+2"]

1. e4 g6 2. Nf3 Bg7 3. d4 d6 4. Nc3 e5 5. dxe5 dxe5 6. Qxd8+ Kxd8 7. Bc4 f6 8. Be3 Nd7 9. O-O-O Bh6 10. Rhe1 c6 11. Bxg8 Bxe3+ 12. Rxe3 Rxg8 13. Red3 Ke7 14. h3 Nc5 15. R3d2 a5 16. Ne1 Be6 17. Nd3 Nxd3+ 18. Rxd3 b5 19. a4 b4 20. Nb1 c5 21. Rd6 Rgc8 22. Rb6 Rab8 23. Ra6 Ra8 24. Rdd6 Bc4 25. Rab6 Rab8 26. Rxf6 Rxb6 27. Rxb6 Bf1 28. Rb7+ Kf6 29. g3 Bxh3 30. Rxh7 Bg2 31. Nd2 c4 32. c3 Rd8 33. Nxc4 Bxe4 34. cxb4 axb4 35. Rh4 Bd3 36. Nd2 Rc8+ 37. Kd1 b3 38. Rb4 Rh8 39. Nxb3 Rh1+ 40. Kd2 Bf5 41. Nc5 Rh2 42. Ke3 Rh1 43. a5 Re1+ 44. Kd2 Rf1 45. Ke2 Rc1 46. Rb5 e4 47. a6 Bg4+ 48. Ke3 Re1+ 49. Kd4 Bf3 50. Ra5 Rd1+ 51. Kc3 Rf1 52. a7 e3 53. fxe3 Rc1+ 54. Kd2 Rc4 55. Nd7+ Ke7 56. Nb6 Rb4 57. a8=Q Bxa8 58. Nxa8 Rxb2+ 59. Kc3 Rg2 60. Rg5 Kf6 61. Rg4 Kf5 62. Rf4+ Ke5 63. g4 Re2 64. Kd3 Ra2 65. Nb6 Ra3+ 66. Ke2 Ra1 67. Nc4+ Ke6 68. g5 Rg1 69. Rf6+ Kd5 70. Nb6+ Ke4 71. Rxg6 Rg2+ 72. Kf1 Rb2 73. Rf6 Kxe3 74. Nc4+ 1-0

[Event "RUS-ch Men Blitz 2019"]
[Site "Sochi"]
[Date "2019.10.17"]
[Round "11.23"]
[White "Antipov, Mikhail Al."]
[Black "Shcherbin, Matvei"]
[Result "1/2-1/2"]
[ECO "B40"]
[WhiteElo "2567"]
[BlackElo "2366"]
[Annotator "ChessBase"]
[PlyCount "58"]
[EventDate "2019.10.17"]
[EventType "swiss"]
[EventCountry "RUS"]
[SourceTitle "playchess.com"]
[Source "ChessBase"]
[SourceQuality "1"]
[TimeControl "180+2"]

1. e4 c5 2. Nf3 e6 3. b3 Nf6 4. e5 Nd5 5. c4 Nc7 6. Bb2 Nc6 7. g3 Be7 8. Bg2 O-O 9. Nc3 f6 10. d4 cxd4 11. Nxd4 fxe5 12. Nc2 d5 13. cxd5 exd5 14. Nxd5 Nxd5 15. Qxd5+ Kh8 16. O-O Qxd5 17. Bxd5 Bh3 18. Rfe1 Bc5 19. Ne3 Rad8 20. Bxc6 bxc6 21. Bc3 Rd3 22. Rac1 Bxe3 23. Rxe3 Rxe3 24. fxe3 e4 25. Rd1 Kg8 26. Bb4 Rf3 27. Rd8+ Kf7 28. Rf8+ Ke6 29. Rxf3 exf3 1/2-1/2

[Event "RUS-ch Men Blitz 2019"]
[Site "Sochi"]
[Date "2019.10.17"]
[Round "11.24"]
[White "Belozerov, Andrei"]
[Black "Stambulian, Arsen"]
[Result "1-0"]
[ECO "C91"]
[WhiteElo "2515"]
[BlackElo "2306"]
[Annotator "ChessBase"]
[PlyCount "91"]
[EventDate "2019.10.17"]
[EventType "swiss"]
[EventCountry "RUS"]
[SourceTitle "playchess.com"]
[Source "ChessBase"]
[SourceQuality "1"]
[TimeControl "180+2"]

1. e4 e5 2. Nf3 Nc6 3. Bb5 a6 4. Ba4 Nf6 5. O-O Be7 6. Re1 b5 7. Bb3 d6 8. c3 O-O 9. d4 Bg4 10. d5 Na5 11. Bc2 c6 12. h3 Bc8 13. dxc6 Qc7 14. Nbd2 Qxc6 15. Nf1 Nc4 16. a4 Re8 17. Ng3 Bf8 18. axb5 axb5 19. Rxa8 Qxa8 20. b3 Nb6 21. Bg5 Nfd7 22. Nf5 Qc6 23. Qd2 Nc5 24. Bh4 f6 25. g4 d5 26. Ng3 Be6 27. g5 dxe4 28. Nxe4 f5 29. Nxe5 Nxe4 30. Bxe4 Qc5 31. Bc6 Rc8 32. b4 Qd6 33. Qxd6 Bxd6 34. Bxb5 Rxc3 35. Bg3 Bd5 36. Nd7 Bxg3 37. Nxb6 Be4 38. fxg3 Rxg3+ 39. Kf2 Rxh3 40. Bc4+ Kf8 41. Bd5 Rh2+ 42. Ke3 Bc2 43. Kf4 Rf2+ 44. Ke5 f4 45. Kd6 Rd2 46. Nd7# 1-0

[Event "RUS-ch Men Blitz 2019"]
[Site "Sochi"]
[Date "2019.10.17"]
[Round "11.25"]
[White "Samusenko, Maksim"]
[Black "Dashko, Andrey"]
[Result "0-1"]
[ECO "A45"]
[WhiteElo "2445"]
[BlackElo "2219"]
[Annotator "NA"]
[PlyCount "74"]
[EventDate "2019.10.17"]
[EventType "swiss"]
[EventCountry "RUS"]
[SourceTitle "playchess.com"]
[Source "ChessBase"]
[SourceQuality "1"]
[TimeControl "180+2"]

1. d4 Nf6 2. Bf4 c5 3. e3 e6 4. c3 b6 5. Nd2 Bb7 6. Ngf3 Be7 7. h3 O-O 8. Bd3 d6 9. O-O Nbd7 10. Qe2 Re8 11. Bh2 Nf8 12. e4 Ng6 13. Rad1 Qc8 14. dxc5 dxc5 15. Nc4 Rd8 16. a4 Bc6 17. b3 Qb7 18. Ncd2 c4 19. Nxc4 Nxe4 20. Qc2 Nf6 21. Be2 Rxd1 22. Rxd1 Rc8 23. Nce5 Nxe5 24. Bxe5 Be4 25. Qd2 h6 26. c4 Rd8 27. Qc1 Rxd1+ 28. Qxd1 Nd7 29. Bf4 a5 30. Ne1 Nc5 31. Be3 Bf6 32. f3 Bc6 33. Nd3 Nd7 34. Bf1 g5 35. Nf2 Nc5 36. Qc2 Qc7 37. Nd3 Be7 0-1

[Event "RUS-ch Men Blitz 2019"]
[Site "Sochi"]
[Date "2019.10.17"]
[Round "11.26"]
[White "Bryakin, Mikhail"]
[Black "Skvortsov, Andrei"]
[Result "1-0"]
[ECO "D02"]
[WhiteElo "2440"]
[BlackElo "2139"]
[Annotator "NA"]
[PlyCount "105"]
[EventDate "2019.10.17"]
[EventType "swiss"]
[EventCountry "RUS"]
[SourceTitle "playchess.com"]
[Source "ChessBase"]
[SourceQuality "1"]
[TimeControl "180+2"]

1. d4 d5 2. Nf3 Nf6 3. c4 c6 4. g3 dxc4 5. Bg2 g6 6. a4 a5 7. Na3 Bg7 8. Nxc4 O-O 9. O-O Nd5 10. e4 Nb4 11. h4 Bg4 12. Be3 b5 13. Na3 e5 14. dxe5 Qxd1 15. Raxd1 bxa4 16. Nc4 Nd7 17. Bd4 Rfb8 18. Bc3 Be6 19. Nfd2 Nc5 20. f4 Na2 21. Bd4 Nb3 22. Be3 Nxd2 23. Nxd2 Rxb2 24. Nb1 Bg4 25. Rd2 Rxd2 26. Nxd2 Nc3 27. Ra1 Bf8 28. Nc4 Ra6 29. Nd6 Be6 30. Bc5 Bb3 31. f5 Ra8 32. Kf2 Bg7 33. f6 Bh6 34. Bf1 Bf8 35. Ke3 Rb8 36. Bd3 Nb5 37. Kf4 Rd8 38. Bxb5 Bxd6 39. exd6 cxb5 40. e5 Be6 41. Ke4 h6 42. Kd4 Bc4 43. Bb6 Rd7 44. Bxa5 Kh7 45. Kc5 Ra7 46. Bb6 Rd7 47. Ba5 g5 48. h5 Be2 49. Kc6 Bg4 50. Kxb5 Bxh5 51. Kc6 Bg4 52. Rxa4 Kg6 53. Rxg4 1-0

[Event "RUS-ch Men Blitz 2019"]
[Site "Sochi"]
[Date "2019.10.17"]
[Round "11.27"]
[White "Eraschenkov, Denis"]
[Black "Cherenkov, Andrey"]
[Result "1-0"]
[ECO "B14"]
[WhiteElo "2382"]
[BlackElo "2221"]
[Annotator "NA"]
[PlyCount "99"]
[EventDate "2019.10.17"]
[EventType "swiss"]
[EventCountry "RUS"]
[SourceTitle "playchess.com"]
[Source "ChessBase"]
[SourceQuality "1"]
[TimeControl "180+2"]

1. e4 c6 2. d4 d5 3. exd5 cxd5 4. c4 Nf6 5. Nc3 g6 6. cxd5 Bg7 7. Qb3 O-O 8. Be2 Qb6 9. Bf3 Qxb3 10. axb3 Na6 11. Nge2 Nb4 12. O-O Rd8 13. d6 exd6 14. Nb5 Be6 15. Nc7 Nc2 16. Ra5 b6 17. Ra6 Rac8 18. Nxe6 fxe6 19. Rxa7 d5 20. Bf4 Ne8 21. Bg4 Rc6 22. Re7 Nxd4 23. Nxd4 Bxd4 24. Rxe6 Rxe6 25. Bxe6+ Kg7 26. Rd1 Bxb2 27. Rxd5 Rxd5 28. Bxd5 Bd4 29. g3 Nf6 30. Bf3 Kf7 31. Kg2 Ke6 32. h4 Nd5 33. Bd2 b5 34. Be4 Nc3 35. Bd3 b4 36. h5 gxh5 37. Bxh7 Bc5 38. Bg6 Nd1 39. Be1 h4 40. gxh4 Nb2 41. Bc2 Kd5 42. h5 Bf8 43. Bd2 Kd4 44. h6 Nd3 45. Bxd3 Kxd3 46. h7 Bg7 47. Bxb4 Kc2 48. Bd6 Kxb3 49. Kf3 Kc4 50. Ke4 1-0

[Event "RUS-ch Men Blitz 2019"]
[Site "Sochi"]
[Date "2019.10.17"]
[Round "11.28"]
[White "Zakaryan, David"]
[Black "Bespalov, Konstantin"]
[Result "1/2-1/2"]
[ECO "A40"]
[WhiteElo "2338"]
[BlackElo "2258"]
[Annotator "NA"]
[PlyCount "107"]
[EventDate "2019.10.17"]
[EventType "swiss"]
[EventCountry "RUS"]
[SourceTitle "playchess.com"]
[Source "ChessBase"]
[SourceQuality "1"]
[TimeControl "180+2"]

1. d4 e5 2. dxe5 d6 3. Nc3 Nc6 4. Nf3 Bg4 5. Bg5 Qd7 6. e3 dxe5 7. Qxd7+ Bxd7 8. Nb5 Bb4+ 9. c3 Ba5 10. a4 f6 11. Bh4 a6 12. Na3 O-O-O 13. Nc4 Bb6 14. Nxb6+ cxb6 15. e4 Nge7 16. Be2 Be6 17. Nd2 Kc7 18. O-O-O Rd7 19. Nc4 Rhd8 20. Bg3 Ng6 21. Kc2 Nf4 22. Bxf4 exf4 23. Rxd7+ Rxd7 24. g3 Bxc4 25. Bxc4 Ne5 26. Be6 Rd6 27. gxf4 Rxe6 28. fxe5 Rxe5 29. Rg1 g6 30. Kd3 Rh5 31. Rg2 Kd6 32. Ke3 b5 33. axb5 Rxb5 34. b4 Rh5 35. f3 Ke5 36. c4 Kd6 37. Rd2+ Kc6 38. Kf4 a5 39. bxa5 Rxa5 40. Rd8 Rh5 41. Rf8 Rxh2 42. Rxf6+ Kc5 43. Rf7 Kxc4 44. Rxb7 Kc5 45. Ke5 Rh5+ 46. Ke6 Kc6 47. Ra7 Rh3 48. f4 Rf3 49. Ke5 h5 50. Rg7 Rg3 51. f5 h4 52. Kf4 gxf5 53. Rh7 fxe4 54. Kxe4 1/2-1/2

[Event "RUS-ch Men Blitz 2019"]
[Site "Sochi"]
[Date "2019.10.17"]
[Round "11.29"]
[White "Glek, Igor"]
[Black "Chos, Alexey"]
[Result "0-1"]
[ECO "B50"]
[WhiteElo "2467"]
[BlackElo "2296"]
[Annotator "ChessBase"]
[PlyCount "104"]
[EventDate "2019.10.17"]
[EventType "swiss"]
[EventCountry "RUS"]
[SourceTitle "playchess.com"]
[Source "ChessBase"]
[SourceQuality "1"]
[TimeControl "180+2"]

1. e4 c5 2. Nf3 d6 3. c3 e6 4. d4 d5 5. e5 Nc6 6. Bd3 cxd4 7. cxd4 Qb6 8. Nc3 Bd7 9. Na4 Qa5+ 10. Nc3 Qb6 11. Be2 f6 12. O-O Nge7 13. exf6 gxf6 14. Na4 Qc7 15. Nc5 Nf5 16. Nxd7 Qxd7 17. Kh1 Rg8 18. Re1 O-O-O 19. Bb5 Nd6 20. Bf1 Ne4 21. Be3 Bh6 22. Qc2 Bxe3 23. Rxe3 Kb8 24. a3 Rc8 25. Qe2 Qf7 26. Rd1 h5 27. Ng1 f5 28. Rh3 Ka8 29. Rhd3 Qf6 30. f3 Nd6 31. Re3 Nxd4 32. Qd2 e5 33. f4 Ne4 34. Rxe4 dxe4 35. fxe5 Qxe5 36. Qxd4 Qxd4 37. Rxd4 Rc1 38. Be2 h4 39. h3 Rc2 40. Bf1 Rf2 41. Rd1 Rxb2 42. a4 Kb8 43. Bc4 Rgxg2 44. Ne2 Rgxe2 45. Bxe2 Rxe2 46. Rf1 Re3 47. Rxf5 Rxh3+ 48. Kg2 Rg3+ 49. Kh2 e3 50. Rf7 a5 51. Re7 Rg4 52. Rxe3 Rxa4 0-1

[Event "RUS-ch Men Blitz 2019"]
[Site "Sochi"]
[Date "2019.10.17"]
[Round "11.30"]
[White "Chekletsov, Ilya"]
[Black "Utnasunov, Alexander"]
[Result "0-1"]
[ECO "D11"]
[WhiteElo "2377"]
[BlackElo "2442"]
[Annotator "NA"]
[PlyCount "90"]
[EventDate "2019.10.17"]
[EventType "swiss"]
[EventCountry "RUS"]
[SourceTitle "playchess.com"]
[Source "ChessBase"]
[SourceQuality "1"]
[TimeControl "180+2"]

1. d4 d5 2. c4 c6 3. Nf3 Nf6 4. Qc2 g6 5. Bf4 Bf5 6. Qb3 Qb6 7. c5 Qxb3 8. axb3 Bxb1 9. Rxb1 Ne4 10. e3 Nd7 11. Bd3 f5 12. b4 a6 13. Ne5 Bg7 14. Ke2 e6 15. f3 Nef6 16. g4 fxg4 17. fxg4 Nxe5 18. Bxe5 O-O 19. h3 Nd7 20. Bd6 Rf7 21. Rhf1 Rxf1 22. Rxf1 Re8 23. b3 e5 24. dxe5 Bxe5 25. Bxe5 Rxe5 26. Kd2 Kg7 27. Rf3 Nf6 28. Kc3 Ne4+ 29. Kd4 Re7 30. Bc2 Nd2 31. Rf2 Ne4 32. Rf4 Ng5 33. Rf1 Nxh3 34. e4 dxe4 35. Bxe4 Ng5 36. Bd3 Rd7+ 37. Kc3 Nf7 38. Be4 Ne5 39. Rf4 Re7 40. Bc2 Nd7 41. Rd4 Nf6 42. Kc4 Nd5 43. Be4 Ne3+ 44. Kd3 Nxg4 45. Bxc6 Ne5+ 0-1